TOP OF THE 1ST |
Colorado Buffaloes batting - Pitching for Butler Bulldogs : LHP Iván Rangel
|
Pitching: LHP Iván Rangel
|
|
Batting: RHB Jason Taylor
|
0-0: Ball 1-0: Ball 2-0: Swinging Strike 2-1: Ball 3-1: Base on Balls
|
Batting: LHB Jack Jefferson
|
0-0: SINGLE (Line Drive, 8RS) Jason Taylor to second
|
Batting: LHB Ethan Shaw
|
0-0: Called Strike 0-1: Ball 1-1: Fly out, F8 (Flyball, 8RS)
|
Batting: LHB Marcos Fontanez
|
0-0: Called Strike 0-1: Fly out, F8 (Flyball, 89M)
|
Batting: LHB Claudio Jaramillo
|
0-0: Called Strike 0-1: Ball 1-1: Foul Ball, location: 2F 1-2: Strikes out swinging
|
Top of the 1st over - 0 run(s), 1 hit(s), 0 error(s), 2 left on base; Colorado 0 - Butler 0 |
BOTTOM OF THE 1ST |
Butler Bulldogs batting - Pitching for Colorado Buffaloes : LHP Marcus Chuter
|
Pitching: LHP Marcus Chuter
|
|
Batting: RHB Weldon Duke
|
0-0: Ball 1-0: Ball 2-0: Foul Ball, location: 2F 2-1: Foul Ball, location: 2F 2-2: Ball 3-2: Base on Balls
|
Batting: SHB Kel Davis
|
0-0: Ball 1-0: Foul Ball, location: 2F 1-1: Ball 2-1: Fly out, F4 (Popup, 4D)
|
Batting: RHB Robert Sipple
|
0-0: Ball Weldon Duke is caught stealing 2nd base 1-0: Foul Ball, location: 2F 1-1: Swinging Strike 1-2: SINGLE (Groundball, 4D)
|
Batting: LHB José Rivas
|
0-0: Swinging Strike 0-1: Ball 1-1: Foul Ball, location: 2F 1-2: Ball 2-2: Foul Ball, location: 2F 2-2: Foul Ball, location: 2F 2-2: Ball 3-2: Base on Balls Robert Sipple to second
|
Batting: RHB Howard Reed
|
0-0: Ball 1-0: Ball 2-0: Ball 3-0: Swinging Strike 3-1: Base on Balls Robert Sipple to third José Rivas to second
|
Batting: RHB Daniel Bennett
|
0-0: Ball 1-0: Ball 2-0: Foul Ball, location: 2F 2-1: Ball 3-1: Base on Balls Robert Sipple scores José Rivas to third Howard Reed to second
|
Batting: RHB Foster Love
|
0-0: Ball 1-0: GRAND SLAM HOME RUN (Flyball, 8RXD), Distance : 447 ft
|
Batting: SHB Larry Walters
|
0-0: Called Strike 0-1: Ball 1-1: Ball 2-1: Ball 3-1: Base on Balls
|
Batting: LHB Arnold Bernard
|
0-0: Ball 1-0: Called Strike 1-1: Ball 2-1: Swinging Strike 2-2: Ball 3-2: Foul Ball, location: 2F 3-2: Foul Ball, location: 2F 3-2: Base on Balls Larry Walters to second
|
Batting: RHB Weldon Duke
|
0-0: Called Strike 0-1: Foul Ball, location: 2F 0-2: Ball 1-2: Ground out 3-1 (Groundball, 34S)
|
Bottom of the 1st over - 5 run(s), 2 hit(s), 0 error(s), 2 left on base; Colorado 0 - Butler 5 |
TOP OF THE 2ND |
Colorado Buffaloes batting - Pitching for Butler Bulldogs : LHP Iván Rangel
|
Batting: SHB Caleb Hart
|
0-0: Ball 1-0: Fly out, F7 (Flyball, 7)
|
Batting: RHB Jeff Atkinson
|
0-0: Swinging Strike 0-1: Foul Ball, location: 2F 0-2: Fly out, F9 (Flyball, 89M)
|
Batting: SHB Edgardo Guzmán
|
0-0: Ball 1-0: Called Strike 1-1: Ball 2-1: Swinging Strike 2-2: Fly out, F5 (Popup, 5L)
|
Top of the 2nd over - 0 run(s), 0 hit(s), 0 error(s), 0 left on base; Colorado 0 - Butler 5 |
BOTTOM OF THE 2ND |
Butler Bulldogs batting - Pitching for Colorado Buffaloes : LHP Marcus Chuter
|
Batting: SHB Kel Davis
|
0-0: Called Strike 0-1: Foul Ball, location: 2F 0-2: Strikes out swinging
|
Batting: RHB Robert Sipple
|
0-0: Ball 1-0: Called Strike 1-1: Foul Ball, location: 2F 1-2: DOUBLE (Line Drive, 8LM)
|
Batting: LHB José Rivas
|
0-0: Called Strike 0-1: Called Strike 0-2: Strikes out swinging
|
Batting: RHB Howard Reed
|
0-0: Ball 1-0: Swinging Strike 1-1: Ground out 3-1 (Groundball, 34)
|
Bottom of the 2nd over - 0 run(s), 1 hit(s), 0 error(s), 1 left on base; Colorado 0 - Butler 5 |
TOP OF THE 3RD |
Colorado Buffaloes batting - Pitching for Butler Bulldogs : LHP Iván Rangel
|
Batting: LHB Mark Spencer
|
0-0: Ball 1-0: Ball 2-0: Foul Ball, location: 2F 2-1: Called Strike 2-2: Ball 3-2: Ground out 4-3 (Groundball, 4S)
|
Batting: RHB Jason Taylor
|
0-0: Ball 1-0: Called Strike 1-1: Foul Ball, location: 2F 1-2: Ball 2-2: Strikes out swinging
|
Batting: LHB Jack Jefferson
|
0-0: Ball 1-0: Ground out 3-1 (Groundball, 34)
|
Top of the 3rd over - 0 run(s), 0 hit(s), 0 error(s), 0 left on base; Colorado 0 - Butler 5 |
BOTTOM OF THE 3RD |
Butler Bulldogs batting - Pitching for Colorado Buffaloes : LHP Marcus Chuter
|
Batting: RHB Daniel Bennett
|
0-0: Ball 1-0: Reached on error, E4 (Groundball, 34)
|
Batting: RHB Foster Love
|
0-0: Called Strike 0-1: SINGLE (Groundball, 6MD) Daniel Bennett to second
|
Batting: SHB Larry Walters
|
0-0: Ball 1-0: Called Strike 1-1: Foul Ball, location: 2F 1-2: Fly out, F4 (Line Drive, 4)
|
Batting: LHB Arnold Bernard
|
0-0: Called Strike 0-1: Ball 1-1: Called Strike 1-2: Fielders Choice at 2nd, 6-4 (Groundball, 6) Daniel Bennett to third
|
Batting: RHB Weldon Duke
|
0-0: Ball 1-0: Ball 2-0: Fly out, F9 (Flyball, 9S)
|
Bottom of the 3rd over - 0 run(s), 1 hit(s), 1 error(s), 2 left on base; Colorado 0 - Butler 5 |
TOP OF THE 4TH |
Colorado Buffaloes batting - Pitching for Butler Bulldogs : LHP Iván Rangel
|
Batting: LHB Ethan Shaw
|
0-0: Called Strike 0-1: Ball 1-1: Ball 2-1: Ball 3-1: DOUBLE (Line Drive, 89D)
|
Batting: LHB Marcos Fontanez
|
0-0: Ground out 4-3 (Groundball, 4) Ethan Shaw to third
|
Batting: LHB Claudio Jaramillo
|
0-0: Ball 1-0: Swinging Strike 1-1: Fly out, F8 (Flyball, 8RM) Runner from 3rd tags up, SCORES, throw made
|
Batting: SHB Caleb Hart
|
0-0: Ball 1-0: Foul Ball, location: 2F 1-1: Foul Ball, location: 2F 1-2: Foul Ball, location: 2F 1-2: Fly out, F8 (Flyball, 8LXD)
|
Top of the 4th over - 1 run(s), 1 hit(s), 0 error(s), 0 left on base; Colorado 1 - Butler 5 |
BOTTOM OF THE 4TH |
Butler Bulldogs batting - Pitching for Colorado Buffaloes : LHP Marcus Chuter
|
Batting: SHB Kel Davis
|
0-0: Ball 1-0: Ball 2-0: Foul Ball, location: 2F 2-1: DOUBLE (Line Drive, 7LM)
|
Pitching: LHP Sherwood Scott
|
|
Batting: RHB Robert Sipple
|
0-0: Ball 1-0: Ball 2-0: Ground out 1-3 (Groundball, 15S)
|
Batting: LHB José Rivas
|
0-0: DOUBLE (Line Drive, 8LM) Kel Davis scores
|
Batting: RHB Howard Reed
|
0-0: Intentional Walk
|
Batting: RHB Daniel Bennett
|
0-0: Fly out, F2 (Popup, 23)
|
Batting: RHB Foster Love
|
0-0: Ball 1-0: Ball 2-0: SINGLE (Groundball, 4D) José Rivas to third Howard Reed to second Runner from 3rd tries for Home, SAFE, no throw
|
Batting: SHB Larry Walters
|
0-0: Foul Ball, location: 2F 0-1: Ball 1-1: Foul Ball, location: 2F 1-2: Foul Ball, location: 2F 1-2: Ball 2-2: Ball 3-2: Foul Ball, location: 2F 3-2: Strikes out swinging
|
Bottom of the 4th over - 2 run(s), 3 hit(s), 0 error(s), 2 left on base; Colorado 1 - Butler 7 |
TOP OF THE 5TH |
Colorado Buffaloes batting - Pitching for Butler Bulldogs : LHP Iván Rangel
|
Batting: RHB Jeff Atkinson
|
0-0: Ball 1-0: Ball 2-0: Ball 3-0: Base on Balls
|
Batting: SHB Edgardo Guzmán
|
0-0: Foul Ball, location: 2F 0-1: Called Strike 0-2: Foul Ball, location: 2F 0-2: Strikes out swinging
|
Batting: LHB Mark Spencer
|
0-0: Ball 1-0: Called Strike 1-1: Ball 2-1: Ball 3-1: Foul Ball, location: 2F 3-2: Strikes out swinging
|
Batting: RHB Jason Taylor
|
0-0: Fielders Choice at 2nd, 5-4 (Groundball, 56)
|
Top of the 5th over - 0 run(s), 0 hit(s), 0 error(s), 0 left on base; Colorado 1 - Butler 7 |
BOTTOM OF THE 5TH |
Butler Bulldogs batting - Pitching for Colorado Buffaloes : LHP Sherwood Scott
|
Batting: LHB Arnold Bernard
|
0-0: Ball 1-0: Hit by Pitch
|
Batting: RHB Weldon Duke
|
0-0: Called Strike 0-1: Swinging Strike 0-2: Ball 1-2: Fly out, F5 (Line Drive, 5L)
|
Batting: SHB Kel Davis
|
0-0: Ball 1-0: Ball 2-0: Foul Ball, location: 2F 2-1: Foul Ball, location: 2F 2-2: Ball 3-2: Base on Balls Arnold Bernard to second
|
Batting: RHB Robert Sipple
|
0-0: Foul Ball, location: 2F 0-1: Ball 1-1: Called Strike 1-2: Grounds into double play, 6-4-3 (Groundball, 6)
|
Bottom of the 5th over - 0 run(s), 0 hit(s), 0 error(s), 1 left on base; Colorado 1 - Butler 7 |
TOP OF THE 6TH |
Colorado Buffaloes batting - Pitching for Butler Bulldogs : LHP Iván Rangel
|
Batting: LHB Jack Jefferson
|
0-0: Called Strike 0-1: Ball 1-1: Foul Ball, location: 2F 1-2: Strikes out swinging
|
Batting: LHB Ethan Shaw
|
0-0: Ball 1-0: Swinging Strike 1-1: Ball 2-1: Ball 3-1: Foul Ball, location: 2F 3-2: Ground out 4-3 (Groundball, 4)
|
Batting: LHB Marcos Fontanez
|
0-0: Called Strike 0-1: Ball 1-1: Swinging Strike 1-2: SINGLE (Groundball, 6MD)
|
Pitching: LHP Tom Reyes
|
|
Batting: LHB Claudio Jaramillo
|
0-0: Fly out, F8 (Flyball, 8RS)
|
Top of the 6th over - 0 run(s), 1 hit(s), 0 error(s), 1 left on base; Colorado 1 - Butler 7 |
BOTTOM OF THE 6TH |
Butler Bulldogs batting - Pitching for Colorado Buffaloes : LHP Sherwood Scott
|
Batting: LHB José Rivas
|
0-0: Fly out, F7 (Flyball, 78S)
|
Batting: RHB Howard Reed
|
0-0: Ball 1-0: Called Strike 1-1: SINGLE (Groundball, 23) (infield hit)
|
Batting: RHB Daniel Bennett
|
0-0: SINGLE (Flyball, 7S) Howard Reed to second
|
Batting: RHB Foster Love
|
0-0: Ball 1-0: Ball 2-0: Called Strike 2-1: Swinging Strike 2-2: Foul Ball, location: 2F 2-2: Fly out, F6 (Popup, 6)
|
Batting: SHB Larry Walters
|
0-0: Foul Ball, location: 2F 0-1: Swinging Strike 0-2: Ground out 6-3 (Groundball, 56)
|
Bottom of the 6th over - 0 run(s), 2 hit(s), 0 error(s), 2 left on base; Colorado 1 - Butler 7 |
TOP OF THE 7TH |
Colorado Buffaloes batting - Pitching for Butler Bulldogs : LHP Tom Reyes
|
Batting: SHB Caleb Hart
|
0-0: Fly out, F5 (Line Drive, 56)
|
Batting: RHB Jeff Atkinson
|
0-0: Swinging Strike 0-1: Ball 1-1: Swinging Strike 1-2: Foul Ball, location: 2F 1-2: Strikes out looking
|
Batting: SHB Edgardo Guzmán
|
0-0: Ball 1-0: Swinging Strike 1-1: Called Strike 1-2: Foul Ball, location: 2F 1-2: Foul Ball, location: 2F 1-2: Strikes out swinging
|
Top of the 7th over - 0 run(s), 0 hit(s), 0 error(s), 0 left on base; Colorado 1 - Butler 7 |
BOTTOM OF THE 7TH |
Butler Bulldogs batting - Pitching for Colorado Buffaloes : LHP Sherwood Scott
|
Batting: LHB Arnold Bernard
|
0-0: Ball 1-0: Foul Ball, location: 2F 1-1: Ball 2-1: Foul Ball, location: 2F 2-2: Ball 3-2: Base on Balls
|
Pitching: RHP Lawrence Miller
|
|
Batting: RHB Weldon Duke
|
0-0: Ball 1-0: DOUBLE (Flyball, 9D) Arnold Bernard to third
|
Batting: SHB Kel Davis
|
0-0: Ball 1-0: Ball 2-0: Ball Wild Pitch! Arnold Bernard scores Weldon Duke to third 3-0: Base on Balls
|
Batting: RHB Robert Sipple
|
0-0: Called Strike 0-1: Ball 1-1: SINGLE (Flyball, 8LS) Weldon Duke scores Kel Davis to second
|
Batting: LHB José Rivas
|
0-0: Ball 1-0: Called Strike 1-1: Ball 2-1: Ball 3-1: Foul Ball, location: 2F 3-2: Base on Balls Kel Davis to third Robert Sipple to second
|
Batting: RHB Howard Reed
|
0-0: Ball 1-0: Called Strike 1-1: Fly out, F8 (Flyball, 8LD) Runner from 3rd tags up, SCORES, no throw
|
Batting: RHB Daniel Bennett
|
0-0: Grounds into double play, 5-4-3 (Groundball, 5)
|
Bottom of the 7th over - 3 run(s), 2 hit(s), 0 error(s), 1 left on base; Colorado 1 - Butler 10 |
TOP OF THE 8TH |
Colorado Buffaloes batting - Pitching for Butler Bulldogs : LHP Tom Reyes
|
Batting: LHB Mark Spencer
|
0-0: Ball 1-0: Ball 2-0: TRIPLE (Flyball, 78S)
|
Batting: RHB Jason Taylor
|
0-0: Called Strike 0-1: Swinging Strike 0-2: Fly out, F7 (Flyball, 78M) Runner from 3rd tags up, SCORES, no throw
|
Batting: LHB Jack Jefferson
|
0-0: Called Strike 0-1: Foul Ball, location: 2F 0-2: Foul Ball, location: 2F 0-2: Strikes out swinging
|
Batting: LHB Ethan Shaw
|
0-0: Ball 1-0: Ball 2-0: Called Strike 2-1: Ball 3-1: Base on Balls
|
Batting: LHB Marcos Fontanez
|
0-0: Ball 1-0: Ball 2-0: Called Strike 2-1: Swinging Strike 2-2: Strikes out swinging
|
Top of the 8th over - 1 run(s), 1 hit(s), 0 error(s), 1 left on base; Colorado 2 - Butler 10 |
BOTTOM OF THE 8TH |
Butler Bulldogs batting - Pitching for Colorado Buffaloes : RHP Lawrence Miller
|
Batting: RHB Foster Love
|
0-0: Called Strike 0-1: Called Strike 0-2: Ball 1-2: Ground out 4-3 (Groundball, 4)
|
Batting: SHB Larry Walters
|
0-0: SINGLE (Groundball, 4MD)
|
Batting: LHB Arnold Bernard
|
0-0: Foul Ball, location: 2F 0-1: Called Strike 0-2: Ball 1-2: Ball 2-2: Ball 3-2: Strikes out looking
|
Batting: RHB Weldon Duke
|
0-0: Ball 1-0: Fielders Choice at 2nd, 5-4 (Groundball, 56)
|
Bottom of the 8th over - 0 run(s), 1 hit(s), 0 error(s), 0 left on base; Colorado 2 - Butler 10 |
TOP OF THE 9TH |
Colorado Buffaloes batting - Pitching for Butler Bulldogs : LHP Tom Reyes
|
Batting: LHB Claudio Jaramillo
|
0-0: Called Strike 0-1: Foul Ball, location: 2F 0-2: Foul Ball, location: 2F 0-2: Ball 1-2: Foul Ball, location: 2F 1-2: Ground out 1-3 (Groundball, P)
|
Batting: SHB Caleb Hart
|
0-0: Ball 1-0: Foul Ball, location: 2F 1-1: Swinging Strike 1-2: Ball 2-2: Ball 3-2: Foul Ball, location: 2F 3-2: Foul Ball, location: 2F 3-2: Strikes out looking
|
Batting: RHB Jeff Atkinson
|
0-0: Called Strike 0-1: Ball 1-1: Foul Ball, location: 2F 1-2: Strikes out swinging
|
Top of the 9th over - 0 run(s), 0 hit(s), 0 error(s), 0 left on base; Colorado 2 - Butler 10 |
|